 Dungeon Crawl Stone Soup version 0.28-a0-649-g2b6bb2fd11 (webtiles) character file.

Game seed: 15746099669369501800

56 Drevant2 the Charlatan (level 3, -9/26 HPs)
             Began as a Demonspawn Artificer on Oct 11, 2021.
             Killed by an exploding Robin (22 damage)
             ... ignited by their inner flame
             ... on level 2 of the Dungeon.
             The game lasted 00:03:42 (2577 turns).

Drevant2 the Charlatan (Demonspawn Artificer)       Turns: 2577, Time: 00:03:44

Health: -9/26      AC:  6    Str: 12    XL:     3   Next: 69%
Magic:  3/3        EV: 11    Int: 12    God:
Gold:   39         SH:  0    Dex: 14    Spells: 2/2 levels left

rFire   . . .      SeeInvis .   a - +0 club
rCold   . . .      Faith    .   (no shield)
rNeg    . . .      Spirit   .   b - +1 leather armour
rPois   .          Reflect  .   (no helmet)
rElec   .          Harm     +   h - scarf {harm}
rCorr   .          Rampage  .   (no gloves)
Will    .....                   (no boots)
Stlth   +.........              (no amulet)
HPRegen 0.08/turn               (no ring)
MPRegen 0.08/turn               (no ring)

@: confused
A: slimy green scales 1
a: no special abilities


You were on level 2 of the Dungeon.
You visited 1 branch of the dungeon, and saw 2 of its levels.

You collected 39 gold pieces.

Inventory:

Hand Weapons
 a - a +0 club (weapon)
Armour
 b - a +1 leather armour (worn)
 h - a scarf of harm (worn)
Wands
 d - a wand of charming (15)
Miscellaneous
 e - a piece from Xom's chessboard (15/15)


   Skills:
 - Level 1.0 Fighting
 + Level 2.0 Maces & Flails
 - Level 1.7 Armour
 - Level 0.8 Dodging
 - Level 0.8 Stealth
 + Level 3.9 Evocations


You had 2 spell levels left.
You didn't know any spells.
Your spell library was empty.

Dungeon Overview and Level Annotations

Branches:
Dungeon (2/15)

Altars:

Annotations:
D:2 Sigmund


Innate Abilities, Weirdness & Mutations

You are partially covered in slimy green scales. (AC +2)


Message History

You hit Robin but do no damage. Robin barely misses you.
You hit Robin.
Robin is moderately wounded.
Robin barely misses you.
You barely miss Robin.
Robin is moderately wounded.
Robin hits you with a +0 falchion. x2
You hit Robin but do no damage.
Robin is moderately wounded.
Robin hits you with a +0 falchion.
* * * LOW HITPOINT WARNING * * *
You aren't carrying any potions.
You see here a +0 dagger.
As you read the scroll labelled GAUD CITZU, it crumbles to dust.
It is a scroll of enchant armour.
Your +0 leather armour glows green for a moment.
Robin hits you with a +0 falchion.
* * * LOW HITPOINT WARNING * * *
As you read the scroll labelled KUADGH DUSAUTS, it crumbles to dust.
The scroll dissolves into smoke.
It was a scroll of fog.
Robin closely misses you.
As you read the scroll labelled UVUTIMPYVOU, it crumbles to dust.
It is a scroll of amnesia.
You feel forgetful for a moment. Robin hits you but does no damage.
As you read the scroll labelled ALUIRPH GOCO, it crumbles to dust.
The creatures around you are filled with an inner flame!
It was a scroll of immolation.
Robin barely misses you.
You see here a +0 dagger.
Sigmund shouts!
Sigmund gestures at you while chanting.
You are confused.
There is an open door, spattered with blood here.
You hit Robin.
Flame seeps out of Robin.
Robin is lightly wounded.
Sigmund smiles chillingly.
Robin is engulfed in blazing flames.
Robin explodes!
The fiery explosion engulfs you!!
Ouch! That really hurt!
You die...

..# #.# # #<####
#. #####.#
#.##.....######
#.....@#.#....#
#......#.#.##.#
#....§§#.#.##§#
.#....@○#.#.##§#
..'....§§§..§§§§#
#.#....[.#.######
#......#...
#.########## #. #


You could see Sigmund.

Vanquished Creatures
  Robin (D:2)
  4 ball pythons (D:1)
  2 endoplasms (D:1)
  A giant cockroach (D:1)
  8 goblins
  6 hobgoblins (D:1)
  7 jackals (D:1)
  2 quokkas (D:1)
  4 bats (D:1)
  5 frilled lizards (D:1)
  5 kobolds (D:1)
  4 rats (D:1)
49 creatures vanquished.

Notes
Turn   | Place    | Note
-------+----------+-------------------------------------------
     0 | D:1      | Drevant2 the Demonspawn Artificer began the quest for the
                  | Orb.
     0 | D:1      | Reached XP level 1. HP: 15/15 MP: 1/1
   123 | D:1      | Reached skill level 1 in Maces & Flails
   123 | D:1      | Gained mutation: You are partially covered in slimy green
                  | scales. (AC +2) [demonic ancestry]
   123 | D:1      | Reached XP level 2. HP: 21/21 MP: 2/2
   648 | D:1      | Reached XP level 3. HP: 3/26 MP: 3/3
  1703 | D:2      | Noticed Sigmund
  1757 | D:2      | Noticed Robin
  2577 | D:2      | Killed Robin
  2577 | D:2      | Killed by an exploding Robin... ignited by their inner
                  | flame

Illustrated notes

Levels and vault maps discovered:
D:1:      minmay_arrival_stone_box, layout_basic, minmay_pentomino_p4
D:2:      layout_basic, uniq_robin, uniq_sigmund

Skill      XL: |  1  2  3 |
---------------+----------+-----
Maces & Flails | 1 2 |  2.0
Fighting       | |  1.0
Armour         | |  1.7
Dodging        | |  0.8
Stealth        | |  0.8
Evocations     | |  3.9

Action                   || total
-------------------------++-------
Melee: Club              ||   161
Evoke: Wand              ||    15
  Use: Scroll            ||     4
 Stab: Sleeping          ||     1
Armor: Leather armour    ||    87
Dodge: Dodged            ||   120

Table legend: (Time is in decaauts)
 A = Elapsed time spent in this place.
 B = Non-inter-level travel time spent in this place.
 C = Inter-level travel time spent in this place.
 D = Time resting spent in this place.
 E = Time spent auto-exploring this place.
 F = Levels seen in this place.
 G = Mean time per level.
                   A        B        C        D        E       F      G
               +--------+--------+--------+--------+--------+-----+--------+
         Total |   2621 |   2506 |    115 |   1199 |    909 |   2 | 1310.5 |
       Dungeon |   2621 |   2506 |    115 |   1199 |    909 |   2 | 1310.5 |
               +--------+--------+--------+--------+--------+-----+--------+

Top non-repeatable levels by time:
     D:1: 2553 daAuts
     D:2: 67 daAuts
